 Dungeon Crawl Stone Soup version 0.17-a0-1210-g1e4f09d (webtiles) character file.

49231 Kidiri the Protected (level 14, -1/92 HPs)
             Began as a Gargoyle Fighter on June 3, 2015.
             Was the Champion of Okawaru.
             Slain by Oddysee's ghost (14 damage)
             ... on level 8 of the Lair of Beasts.
             The game lasted 01:32:13 (21023 turns).

Kidiri the Protected (Gargoyle Fighter)            Turns: 21023, Time: 01:32:13

Health: -1/92      AC: 34    Str: 28    XL:     14   Next: 49%
Magic:  28/29      EV: 10    Int: 10    God:    Okawaru [******]
Gold:   1105       SH: 16    Dex:  9    Spells: 0 memorised, 13 levels left

rFire  . . .     SeeInvis .     w - +0 hammer (holy)
rCold  . . .     Clarity  .     x - +0 plate armour
rNeg   + + +     SustAt   .     c - +1 shield
rPois  ∞         Gourm    .     (no helmet)
rElec  +         Spirit   .     v - +0 cloak
rCorr  .         Warding  +     g - +1 pair of gloves
rMut   .         Stasis   .     Z - +0 pair of boots of Death Resistance {rN+ MP+9}
MR     +....                    h - amulet of warding
Stlth  ..........               F - +5 ring of slaying
                                k - +4 ring of strength

@: heroism, flying, somewhat resistant to hostile enchantments, extremely
unstealthy
A: big wings, negative energy resistance 1, electricity resistance, unbreathing,
petrification resistance, rot immunity, AC +9
a: Stop Flying, Heroism, Finesse, Renounce Religion


You were on level 8 of the Lair of Beasts.
You worshipped Okawaru.
Okawaru was exalted by your worship.
You were hungry.

You visited 3 branches of the dungeon, and saw 18 of its levels.

You collected 1105 gold pieces.

Inventory:

Hand weapons
 s - a +2 flail of protection
 w - a +0 hammer of holy wrath (weapon)
 y - a +1 whip of freezing
 N - the +9 eveningstar of Decil {venom, Stlth+}
   (Okawaru gifted it to you on level 6 of the Lair of Beasts)

   It poisons the flesh of those it strikes.
   It makes you more stealthy.
 U - a +3 morningstar of draining
Missiles
 P - 2 steel javelins (quivered)
 Q - 6 poisoned javelins
Armour
 c - a +1 shield (worn)
 g - a +1 pair of gloves (worn)
 v - a +0 cloak (worn)
 x - a +0 plate armour (worn)
 Z - the +0 pair of boots of Death Resistance (worn) {rN+ MP+9}
   (Okawaru gifted it to you on level 8 of the Lair of Beasts)

   It protects you from negative energy.
   It affects your magic capacity (+9).
Jewellery
 h - an amulet of warding (around neck)
 k - a +4 ring of strength (left hand)
 C - an uncursed ring of protection from magic
 D - a +4 ring of evasion
 E - an uncursed ring of magical power
 F - a +5 ring of slaying (right hand)
 L - an uncursed ring of stealth
 O - a +3 ring of dexterity
 S - an uncursed ring of teleportation
 V - an uncursed amulet of stasis
 Y - a +4 ring of evasion
Magical devices
 j - a wand of polymorph (13)
 z - a wand of frost (34)
 B - a wand of fire (11)
 K - a wand of lightning (12)
 M - a wand of random effects (8)
 W - a wand of lightning (3)
 X - a wand of draining (7)
Scrolls
 d - 4 scrolls of noise
 l - 9 scrolls of teleportation
 m - a scroll of silence
 o - 8 scrolls of remove curse
 G - 6 scrolls of magic mapping
 H - a scroll of recharging
Potions
 f - 5 potions of curing
 i - 3 potions of flight
 n - 3 potions of agility
 q - 3 potions of cancellation
 t - 2 potions of berserk rage
 A - a potion of brilliance
 I - 4 potions of lignification
 J - 2 potions of resistance
Comestibles
 a - 9 chunks of flesh
 e - 10 bread rations
 p - 13 meat rations
 u - 19 fruits
 R - 4 slices of pizza
 T - 3 beef jerkies


   Skills:
 * Level 12.6(17.6) Fighting
 * Level 11.8(16.8) Maces & Flails
 * Level 12.7(17.7) Armour
 * Level 12.7(17.7) Shields
 + Level 8.5 Invocations
 + Level 5.9 Evocations


You had 13 spell levels left.
You didn't know any spells.

Dungeon Overview and Level Annotations

Branches:
Dungeon (9/15)             Temple (1/1) D:6            Lair (8/8) D:9
  Swamp (0/4) Lair:4        Snake (0/4) Lair:3        Slime (0/6) Lair:6
    Orc (0/4) D:9

Altars:
Ashenzari
Cheibriados
Dithmenos
Elyvilon
Fedhas
Gozag
Kikubaaqudgha
Makhleb
Nemelex Xobeh
Okawaru
Qazlal
Ru
Sif Muna
Trog
Vehumet
Xom
Yredelemnul
Zin
The Shining One

Shops:
D:9 !

Annotations:
Lair:8 Oddysee's ghost, powerful MfGl


Innate Abilities, Weirdness & Mutations

You are resistant to torment.
Your stone body is resilient (AC +9).
You are immune to poison.
Your large and strong wings let you fly indefinitely.
You resist negative energy.
You are resistant to electric shocks.
You can survive without breathing.
You are immune to petrification.
You are immune to rotting.


Message History

You fail to use your ability.
Oddysee's ghost hits you!! Oddysee's ghost burns you.
Drink which item? (? for menu, Esc to quit)
You feel better. Oddysee's ghost closely misses you.
You sock Oddysee's ghost!
Oddysee's ghost convulses!!
Oddysee's ghost is heavily damaged.
You closely miss Oddysee's ghost.
Oddysee's ghost is heavily damaged.
You block Oddysee's ghost's attack.
You hit Oddysee's ghost.
Oddysee's ghost convulses.
Oddysee's ghost is heavily damaged.
You barely miss Oddysee's ghost.
Oddysee's ghost is heavily damaged.
Oddysee's ghost hits you! Oddysee's ghost burns you.
You miss Oddysee's ghost.
Oddysee's ghost is heavily damaged.
Oddysee's ghost hits you!!
* * * LOW HITPOINT WARNING * * *
Oddysee's ghost burns you!
You die...

.........÷..P#.PP.
#...#........#######..
P...P.P.....###.##...
.###..........P#....#.#.
....................##..
PP.......#...........#..
PP.P.P..##....#.......#.
..P.P..W#.......#.#...#.
....P..@.......P...#....
........P.......P.......
#...####..P.##..........
#.# #.#P#P###.##.##.## #
####### ##########


You could see Oddysee's ghost.

Vanquished Creatures
  5 hydras
  A catoblepas (Lair:7)
  10 death yaks
  A swamp dragon (Lair:4)
  A lindwurm (Lair:7)
  Pikel (D:5)
  A hill giant (D:9)
  2 griffons
  15 elephants
  4 black mambas
  2 torpor snails
  6 fire drakes
  9 komodo dragons
  14 spiny frogs
  19 blink frogs
  Prince Ribbit (D:4)
  A boulder beetle (Lair:8)
  Sigmund (D:5)
  2 wyverns
  A wraith (D:9)
  A spriggan (D:9)
  26 yaks
  2 basilisks
  4 nagas (Lair:3)
  20 wolves
  8 hippogriffs
  11 water moccasins
  2 hungry ghosts
  12 porcupines
  A sky beast (D:8)
  4 ogres
  A black bear (D:8)
  4 phantoms
  5 necrophages
  A centaur (D:9)
  3 orc warriors
  13 crocodiles
  21 giant frogs
  3 killer bees (D:9)
  A troll zombie (D:9)
  3 wights (D:6)
  A giant frog zombie (D:8)
  5 orc wizards
  2 orc priests (D:9)
  4 crimson imps
  A giant frog skeleton (D:4)
  6 hounds
  Crazy Yiuf (D:7)
  A centaur skeleton (D:8)
  A gnoll shaman (D:7)
  Natasha (D:2)
  5 iguanas
  4 worker ants
  A killer bee zombie (D:8)
  5 ogre zombies (D:9)
  15 sheep
  A mummy (D:7)
  2 hound zombies
  2 hound skeletons
  6 gnolls (D:7)
  15 adders
  67 river rats
  4 oozes
  2 worms
  6 giant geckos
  14 orcs
  A ball python (D:5)
  6 giant cockroaches
  15 goblins
  8 hobgoblins
  14 kobolds
  13 bats
  7 giant newts
  3 goblin zombies (D:9)
  A hobgoblin skeleton (D:9)
  2 hobgoblin zombies (D:9)
  5 jackals
  A jackal skeleton (D:4)
  A jackal zombie (D:7)
  5 orc skeletons (D:9)
  8 orc zombies (D:9)
  4 quokkas
  A quokka skeleton (D:6)
  A quokka zombie (D:5)
  19 rats
  2 bushes
  A fungus (Lair:4)
  23 plants (Lair:7)
556 creatures vanquished.

Vanquished Creatures (others)
  A black mamba (Lair:8)
  A yak (Lair:8)
  11 fungi
  7 plants
20 creatures vanquished.

Grand Total: 576 creatures vanquished

Notes
Turn   | Place    | Note
--------------------------------------------------------------
     0 | D:1      | Kidiri the Gargoyle Fighter began the quest for the Orb.
     0 | D:1      | Reached XP level 1. HP: 14/14 MP: 1/1
   508 | D:1      | Reached XP level 2. HP: 19/19 MP: 2/2
  1190 | D:1      | Reached XP level 3. HP: 23/23 MP: 3/3
  1466 | D:2      | Found a basalt altar of Yredelemnul.
  1478 | D:2      | Found an iron altar of Okawaru.
  1480 | D:2      | Found a deep blue altar of Sif Muna.
  1613 | D:2      | Reached XP level 4. HP: 29/29 MP: 4/4
  1801 | D:2      | Reached skill level 4 in Shields
  1846 | D:2      | Found a radiant altar of Vehumet.
  1848 | D:2      | Found a sparkling altar of Nemelex Xobeh.
  1964 | D:2      | Noticed Natasha
  1982 | D:2      | Killed Natasha
  2290 | D:2      | Reached XP level 5. HP: 17/33 MP: 5/5
  2818 | D:3      | Found a stormy altar of Qazlal.
  2819 | D:3      | Found a shimmering altar of Xom.
  3191 | D:2      | Became a worshipper of Warmaster Okawaru
  3475 | D:4      | Noticed a phantom
  3532 | D:4      | Killed a phantom
  3532 | D:4      | Reached skill level 1 in Invocations
  3532 | D:4      | Reached XP level 6. HP: 22/39 MP: 6/6
  4283 | D:5      | Entered Level 5 of the Dungeon
  4334 | D:5      | Noticed Prince Ribbit
  4371 | D:4      | Killed Prince Ribbit
  4371 | D:4      | Acquired Okawaru's first power
  4371 | D:4      | Reached skill level 5 in Fighting
  4371 | D:4      | Reached skill level 5 in Armour
  4371 | D:4      | Reached skill level 5 in Shields
  4371 | D:4      | Reached XP level 7. HP: 14/44 MP: 8/8
  4892 | D:5      | Noticed Sigmund
  4904 | D:5      | Killed Sigmund
  4904 | D:5      | Reached XP level 8. HP: 44/51 MP: 6/9
  4976 | D:5      | Noticed Pikel
  5007 | D:5      | Killed Pikel
  5007 | D:5      | Reached skill level 6 in Fighting
  5007 | D:5      | Reached skill level 5 in Maces & Flails
  5696 | D:6      | Reached XP level 9. HP: 56/56 MP: 11/11
  5914 | D:6      | Found a staircase to the Ecumenical Temple.
  5930 | Temple   | Entered the Ecumenical Temple
  6242 | D:6      | Found a snail-covered altar of Cheibriados.
  6565 | D:6      | You fall through a shaft!
  6565 | D:7      | Found a sacrificial altar of Ru.
  6631 | D:7      | Reached skill level 7 in Fighting
  6882 | D:7      | Noticed Crazy Yiuf
  6887 | D:7      | Killed Crazy Yiuf
  7175 | D:7      | Found a glowing golden altar of the Shining One.
  7257 | D:7      | Gained mutation: Your body sometimes deteriorates upon taking damage. [potion of mutation]
  7257 | D:7      | Gained mutation: You possess an exceptional clarity of mind. [potion of mutation]
  7257 | D:7      | Gained mutation: You evolve. [potion of mutation]
  7984 | D:8      | Found a blossoming altar of Fedhas.
  8208 | D:8      | Found a white marble altar of Elyvilon.
  8427 | D:8      | Reached skill level 8 in Fighting
  8579 | D:8      | Reached XP level 10. HP: 64/64 MP: 13/13
  8798 | D:9      | Found Foex's Distillery.
  8856 | D:9      | Gained mutation: You are agile. (Dex +2) [potion of mutation]
  8856 | D:9      | Gained mutation: Your mind is acute. (Int +2) [potion of mutation]
  8856 | D:9      | Gained mutation: Scrolls take you a little longer to read. [potion of mutation]
  8915 | D:9      | Noticed a hill giant
  8931 | D:9      | Killed a hill giant
  8931 | D:9      | Reached skill level 1 in Evocations
  9017 | D:9      | Found a staircase to the Orcish Mines.
  9276 | D:9      | Reached skill level 5 in Invocations
  9282 | D:9      | Acquired Okawaru's second power
  9573 | D:9      | Found a staircase to the Lair.
  9635 | D:9      | Found a shimmering altar of Xom.
  9912 | D:9      | Received a gift from Okawaru
  9919 | D:9      | Identified a +0 pair of boots of running (Okawaru gifted it to you on level 9 of the Dungeon)
  9989 | D:9      | Lost mutation: Your mind is acute. (Int +2) [evolution]
 10416 | Lair:1   | Entered Level 1 of the Lair of Beasts
 10517 | Lair:1   | Identified a scroll of acquirement
 10517 | Lair:1   | Got a pair of encrusted boots
 10528 | Lair:1   | Identified the +2 pair of boots of Zonauso {Int+3} (You acquired it on level 1 of the Lair of Beasts)
 10556 | Lair:1   | Reached skill level 9 in Shields
 10561 | Lair:1   | Reached XP level 11. HP: 52/71 MP: 13/15
 11695 | Lair:2   | Reached skill level 10 in Shields
 11857 | Lair:2   | Received a gift from Okawaru
 12072 | Lair:2   | Reached skill level 10 in Fighting
 12411 | Lair:2   | Reached XP level 12. HP: 77/77 MP: 16/16
 12655 | Lair:2   | Reached skill level 10 in Armour
 13422 | Lair:3   | Noticed a five-headed hydra
 13435 | Lair:3   | Killed a five-headed hydra
 13702 | Lair:3   | Found a staircase to the Snake Pit.
 14021 | Lair:3   | Gained mutation: You are robust (+10% HP). [evolution]
 14021 | Lair:3   | Lost mutation: You evolve. [end of evolution]
 14032 | Lair:4   | Received a gift from Okawaru
 14148 | Lair:4   | Found a staircase to the Swamp.
 14174 | Lair:4   | Reached skill level 11 in Shields
 14447 | Lair:4   | Reached skill level 10 in Maces & Flails
 15247 | Lair:5   | Got a crystal long sword
 15259 | Lair:5   | Identified the +5 long sword of the Asp {slice, *Rage rPois MP+9 Int+4} (You found it on level 5 of the Lair of Beasts)
 15670 | Lair:5   | Reached XP level 13. HP: 80/92 MP: 18/18
 15681 | Lair:5   | Received a gift from Okawaru
 16628 | Lair:6   | Got a twisted ring mail
 16639 | Lair:6   | Identified the +2 ring mail of a volcano {Int+5} (You found it on level 6 of the Lair of Beasts)
 16704 | Lair:6   | Found a staircase to the Slime Pits.
 16779 | Lair:6   | Lost mutation: You possess an exceptional clarity of mind. [potion of cure mutation]
 16779 | Lair:6   | Lost mutation: You are robust (+10% HP). [potion of cure mutation]
 16779 | Lair:6   | Lost mutation: Your body sometimes deteriorates upon taking damage. [potion of cure mutation]
 16779 | Lair:6   | Lost mutation: Scrolls take you a little longer to read. [potion of cure mutation]
 16779 | Lair:6   | Lost mutation: You are agile. (Dex +2) [potion of cure mutation]
 17207 | Lair:6   | Received a gift from Okawaru
 17208 | Lair:6   | Got a translucent eveningstar {god gift}
 17218 | Lair:6   | Identified the +9 eveningstar of Decil {venom, Stlth+} (Okawaru gifted it to you on level 6 of the Lair of Beasts)
 17350 | Lair:6   | Reached skill level 12 in Fighting
 17350 | Lair:6   | Reached skill level 5 in Evocations
 18899 | Lair:7   | Received a gift from Okawaru
 18951 | Lair:7   | Gained mutation: Your large and strong wings let you fly indefinitely. [Gargoyle growth]
 18951 | Lair:7   | Reached XP level 14. HP: 83/92 MP: 20/20
 20239 | Lair:8   | Entered Level 8 of the Lair of Beasts
 20458 | Lair:8   | Received a gift from Okawaru
 20459 | Lair:8   | Got a pair of twisted boots {god gift}
 20478 | Lair:8   | Identified the +0 pair of boots of Death Resistance {rN+ MP+9} (Okawaru gifted it to you on level 8 of the Lair of Beasts)
 21004 | Lair:8   | Noticed Oddysee's ghost (powerful MfGl)
 21023 | Lair:8   | Slain by Oddysee's ghost

Vault maps used:
D:1:      lightli_arrival_windingriver, grunt_decor_mini_mirrors
D:2:      nicolae_overflow_hidden_temple, uniq_natasha
D:3:      lemuel_doored_altar, first_bread, lemuel_statue_altar
D:4:      kennysheep_boxes
D:5:      kennysheep_nub, hangedman_decor_opposing, uniq_prince_ribbit1,
          uniq_pikel, uniq_sigmund
D:6:      cheibriados_altar_1, minmay_temple_entry_overgrown
D:7:      nicolae_overflow_crystal_walls, old_standard_altar, serial_undead,
          serial_undead_a, serial_undead_f, serial_undead_c, serial_undead_c,
          kennysheep_generic_room_13, uniq_crazy_yiuf_cottage
D:8:      lemuel_coloured_pillars_altar, fedhas_altar_decomposition, eino_jars
D:9:      lair_0_dummy, zombieorc1_lemuel, basic_altar, serial_shops,
          nicolae_shop_competitors_out_of_business, the_bakery
Temple:   jpeg_temple_alley_garden_8
Lair:1:   serial_bayou_shore_a
Lair:2:   beast_lair_carwin_1, infiniplex_staircase_pool_2
Lair:3:   minmay_snake_entry_guardpost_medium
Lair:4:   minmay_swamp_entry_reptiles
Lair:6:   slime_dummy, grunt_megastairs_1, lemuel_fruit_tree
Lair:7:   wad_woods_structure_01
Lair:8:   due_jungle_book, st_stairs_5

Action                   |  1- 3 |  4- 6 |  7- 9 | 10-12 | 13-15 || total
-------------------------+-------+-------+-------+-------+-------++-------
Melee: Flail             |   105 |   264 |   253 |   547 |       ||  1169
       Hammer            |       |       |   215 |   198 |    13 ||   426
       Morningstar       |       |       |       |   183 |   142 ||   325
       Eveningstar       |       |       |       |       |   359 ||   359
Throw: Javelin           |       |       |       |       |     1 ||     1
Invok: Heroism           |       |       |     4 |     1 |     4 ||     9
       Finesse           |       |       |       |     1 |     2 ||     3
 Abil: Fly               |       |       |       |       |     1 ||     1
Evoke: Wand              |       |       |       |       |     3 ||     3
  Use: Scroll            |     1 |     7 |    11 |    10 |     5 ||    34
       Potion            |       |     2 |     1 |     2 |     3 ||     8
  Eat: Chunk             |     2 |     9 |     9 |    15 |    18 ||    53
       Beef jerky        |       |       |     3 |     1 |       ||     4
       Royal jelly       |       |       |     1 |       |       ||     1
       Bread ration      |       |       |       |     2 |       ||     2
